AoeStats
← りしれ供さ小

Arena

510059839Analyzed
4v4 RM · 3d ago on Sep 29, 2026· 79m 17s· 8 players
Game mode
Random Map
Map size
Large (8 player)
Population
200
Speed
Normal
Resources
Standard
Victory
Conquest
Starting age
Dark Age
Ending age
Imperial Age
RankedLock teamsTeams togetherTeam positionsShared explorationLock speedFull tech treeHidden civsTurbo modeCheats
Victory
Defeat
🇧🇬 Bulgarians · Bulgaria
1016
+12
🇳🇱 Gurjaras · Netherlands
996
+13
947
+15
🇪🇨 Chinese · Ecuador
933
+15
🇦🇺 Persians · Australia
971
-16
🇹🇼 Danes · Taiwan
914
-13
🇹🇼 Vietnamese · Taiwan
914
-13
🇹🇼 Saracens · Taiwan
905
-13
Ana Nzinga of Mbande Ndogo
11:46 Feudal Age
12:41 Double-Bit Axe
15:19 Castle Age
13:28 Horse Collar
17:04 Wheelbarrow
16:35 Loom
17:12 Bow Saw
17:11 Heavy Plow
23:29 Hand Cart
23:55 Stone Mining
24:00 Gold Mining
23:57 Man-at-Arms
25:10 Gambesons
25:36 Scale Mail Armor
25:00 Light Cavalry
27:04 Gold Shaft Mining
27:07 Stone Shaft Mining
27:06 Bloodlines
26:57 Husbandry
27:09 Scale Barding Armor
31:13 Imperial Age
29:38 Kamandaran
29:47 Husbandry
29:55 Crossbowman
30:40 Thumb Ring
31:14 Chain Barding Armor
31:05 Forging
30:45 Fletching
31:11 Chain Mail Armor
31:50 Conscription
31:31 Hussar
33:10 Ballistics
33:51 Chemistry
33:49 Plate Barding Armor
34:40 Iron Casting
34:09 Bodkin Arrow
34:39 Heavy Camel Rider
36:05 Padded Archer Armor
37:05 Blast Furnace
36:35 Plate Mail Armor
36:53 Long Swordsman
37:34 Squires
37:20 Arson
37:52 Leather Archer Armor
37:31 Cavalier
39:43 Town Watch
41:02 Chemistry
41:24 Parthian Tactics
40:21 Heavy Cavalry Archer
42:35 Ring Archer Armor
42:37 Savar
42:44 Pikeman
44:40 Savar
46:15 Halberdier
47:27 Savar
50:40 Two-Man Saw
69:02 Masonry
68:45 Guard Tower
68:51 Murder Holes
69:57 Capped Ram
71:31 Architecture
75:42 Caravan
78:02 Town Patrol
novko
0:56 Loom
12:45 Feudal Age
13:45 Double-Bit Axe
19:00 Castle Age
18:36 Stone Mining
21:05 Bow Saw
21:37 Fletching
26:44 Town Watch
27:35 Wheelbarrow
29:31 Hand Cart
33:45 Imperial Age
31:24 Gambesons
31:39 Squires
31:49 Arson
32:18 Forging
32:08 Scale Mail Armor
32:04 Bodkin Arrow
34:15 Stirrups
34:55 Conscription
34:07 Capped Ram
35:52 Iron Casting
35:35 Chain Mail Armor
35:51 Siege Ram
36:07 Pikeman
43:21 Halberdier
50:10 Elite Skirmisher
50:56 Thumb Ring
53:29 Chemistry
52:35 Bracer
61:24 Blast Furnace
61:01 Plate Mail Armor
60:32 Padded Archer Armor
62:18 Bagains
62:26 Scale Barding Armor
62:37 Leather Archer Armor
62:48 Ballistics
Lordcreos
0:29 Loom
11:27 Feudal Age
15:54 Castle Age
13:48 Stone Mining
15:23 Double-Bit Axe
15:22 Horse Collar
20:05 Wheelbarrow
22:07 Fletching
25:39 Hand Cart
29:44 Heavy Plow
33:32 Imperial Age
32:39 Gold Mining
36:21 Conscription
37:41 Bodkin Arrow
39:01 Ballistics
39:42 Chemistry
38:43 Bracer
40:50 Padded Archer Armor
47:01 Pikeman
47:42 Squires
47:27 Arson
54:47 Halberdier
55:59 Forging
55:50 Scale Mail Armor
62:36 Chain Mail Armor
62:56 Iron Casting
69:15 Caravan
72:13 Thumb Ring
Хан Крум
10:56 Feudal Age
11:30 Horse Collar
11:37 Double-Bit Axe
17:22 Castle Age
15:08 Loom
18:41 Wheelbarrow
18:19 Bow Saw
18:11 Heavy Plow
18:03 Gold Mining
20:29 Hand Cart
27:57 Stone Mining
28:42 Gold Shaft Mining
28:50 Gold Shaft Mining
28:10 Town Watch
31:48 Imperial Age
32:24 Forging
32:14 Scale Mail Armor
32:54 Conscription
33:42 Chemistry
33:22 Ballistics
32:59 Treadmill Crane
33:03 Siege Elephant
33:14 Crossbowman
33:59 Thumb Ring
33:47 Elite Skirmisher
34:33 Thumb Ring
35:27 Crop Rotation
35:57 Elite Chakram Thrower
36:50 Kshatriyas
37:27 Hoardings
37:40 Elite Elephant Archer
38:45 Town Patrol
38:48 Caravan
39:12 Fletching
39:22 Padded Archer Armor
40:35 Light Cavalry
41:25 Bloodlines
41:47 Hussar
42:32 Bodkin Arrow
42:52 Leather Archer Armor
43:12 Iron Casting
42:53 Chain Mail Armor
42:43 Scale Barding Armor
51:09 Plate Mail Armor
50:39 Bracer
62:38 Masonry
62:40 Fortified Wall
62:26 Murder Holes
73:35 Chain Barding Armor
75:40 Heavy Camel Rider
武安侯
11:29 Feudal Age
15:43 Castle Age
13:52 Double-Bit Axe
15:34 Horse Collar
17:32 Bow Saw
18:57 Heavy Plow
23:52 Wheelbarrow
27:24 Hand Cart
28:04 Gold Mining
32:10 Imperial Age
30:26 Forging
30:47 Bloodlines
30:38 Husbandry
31:51 Gold Shaft Mining
31:07 Stone Mining
32:41 Iron Casting
32:12 Scale Barding Armor
34:28 Conscription
33:49 Light Cavalry
35:15 Elite Mameluke
37:24 Counterweights
38:27 Hussar
39:54 Town Watch
41:11 Blast Furnace
40:32 Chain Barding Armor
40:03 Fletching
40:37 Ballistics
40:14 Murder Holes
54:00 Town Patrol
54:50 Plate Barding Armor
58:46 Chemistry
63:55 Caravan
りしれ供さ小
8:32 Loom
10:44 Feudal Age
15:27 Castle Age
13:58 Stone Mining
14:34 Gold Mining
14:33 Double-Bit Axe
15:34 Horse Collar
24:56 Scale Mail Armor
26:41 Town Watch
28:35 Squires
28:20 Gambesons
28:36 Arson
28:52 Hamask
30:13 Chain Mail Armor
31:02 Forging
30:42 Fletching
30:53 Padded Archer Armor
32:11 Gold Mining
33:50 Wheelbarrow
37:33 Imperial Age
36:35 Iron Casting
35:55 Bodkin Arrow
37:30 Leather Archer Armor
39:06 Hand Cart
39:30 Conscription
39:46 Hoardings
40:06 Stone Shaft Mining
40:06 Gold Shaft Mining
40:22 Town Patrol
39:51 Elite Varangian Guard
41:11 Scale Barding Armor
40:51 Pikeman
42:23 Plate Mail Armor
44:09 Bow Saw
44:03 Heavy Plow
46:24 Halberdier
46:37 Capped Ram
46:39 Heavy Scorpion
48:58 Onager
50:32 Siege Ram
55:33 Hoardings
66:25 Chain Barding Armor
66:58 Husbandry
67:08 Bloodlines
66:19 Light Cavalry
FaZe Clarence
10:09 Feudal Age
10:30 Double-Bit Axe
13:12 Loom
15:55 Castle Age
15:06 Horse Collar
17:42 Husbandry
23:27 Wheelbarrow
22:55 Town Watch
23:38 Bow Saw
23:32 Heavy Plow
24:36 Gold Mining
25:05 Forging
26:24 Masonry
26:39 Hand Cart
29:39 Imperial Age
28:14 Bloodlines
29:39 Gold Shaft Mining
29:25 Town Patrol
31:33 Two-Man Saw
29:56 Heavy Camel Rider
31:00 Scale Barding Armor
31:17 Capped Ram
33:15 Iron Casting
33:33 Crop Rotation
34:05 Citadels
38:26 Blast Furnace
37:46 Chain Barding Armor
36:52 Elite War Elephant
41:37 Plate Barding Armor
54:36 Light Cavalry
62:50 Hussar
沒讀書嘛
10:46 Loom
10:49 Loom
12:35 Feudal Age
14:16 Loom
16:59 Castle Age
16:41 Double-Bit Axe
16:39 Horse Collar
20:34 Bow Saw
22:13 Fortified Wall
25:28 Treadmill Crane
26:40 Heavy Plow
29:06 Masonry
28:53 Murder Holes
30:55 Wheelbarrow
34:18 Imperial Age
32:20 Fletching
32:42 Forging
32:34 Scale Mail Armor
32:35 Padded Archer Armor
33:33 Guard Tower
34:57 Pikeman
35:38 Squires
36:42 Halberdier
38:37 Paper Money
38:19 Gold Mining
39:47 Crop Rotation
40:20 Two-Man Saw
43:37 Elite Skirmisher
44:23 Thumb Ring
45:36 Imperial Skirmisher
47:16 Hand Cart
46:48 Town Watch
50:53 Ballistics
53:28 Chemistry
52:26 Bodkin Arrow
52:46 Leather Archer Armor
61:38 Bracer
62:21 Ring Archer Armor
63:00 Light Cavalry
63:51 Bloodlines
63:41 Husbandry
65:06 Iron Casting
Connection lost

Rejoining the realm…

Still unreachable

The connection could not be restored.

Session expired

The server has moved on; the page needs a fresh start.